 Dungeon Crawl Stone Soup version 0.21.1-1-g345015f (webtiles) character file.

11029 kae the Cleaver (level 11, 0/99 HPs)
             Began as a Hill Orc Fighter on June 1, 2018.
             Was a High Priest of Makhleb.
             Killed from afar by Nergalle (22 damage)
             ... with a bolt of negative energy
             ... on level 11 of the Dungeon.
             The game lasted 00:09:39 (9499 turns).

kae the Cleaver (Hill Orc Fighter)                  Turns: 9499, Time: 00:09:40

Health: 0/99       AC: 27    Str: 23    XL:     11   Next: 71%
Magic:  0/17       EV:  1    Int: 11    God:    Makhleb [*****.]
Gold:   634        SH:  8    Dex: 13    Spells: 10/10 levels left

rFire    + . .     SeeInvis .   a - +1 war axe
rCold    . . .     Gourm    .   c - +0 shield
rNeg     . . .     Faith    .   v - +8 orange crystal plate armour {Archmagi, Int+3 Clar}
rPois    .         Spirit   +   (no helmet)
rElec    .         Reflect  .   (no cloak)
rCorr    .         Harm     .   J - +1 pair of gloves {Dex+3}
MR       .....     Clarity  +   (no boots)
Stlth    ..........             G - amulet of guardian spirit
HPRegen  0.26/turn              p - ring of protection from fire
MPRegen  0.15/turn              (no ring)

@: very heavily drained
A: no striking features
a: Minor Destruction, Lesser Servant of Makhleb, Major Destruction, Greater
Servant of Makhleb, Renounce Religion


You were on level 11 of the Dungeon.
You worshipped Makhleb.
Makhleb was extremely pleased with you.
You were not hungry.

You visited 1 branch of the dungeon, and saw 11 of its levels.
You also visited: Sewer.

You collected 634 gold pieces.

Inventory:

Hand Weapons
 a - a +1 war axe (weapon)
Armour
 c - a +0 shield (worn)
 v - the +8 orange crystal plate armour (worn) {Archmagi, Int+3 Clar}
   (You found it in a sewer)

   It affects your intelligence (+3).
   It protects you against confusion.
 J - a +1 pair of gloves of dexterity (worn)
Jewellery
 p - a ring of protection from fire (left hand)
 w - an uncursed amulet of magic regeneration
 y - an uncursed amulet of regeneration
 G - an amulet of guardian spirit (around neck)
 L - an uncursed amulet of faith {unknown}
 M - a +2 ring of protection {unknown}
 N - a +2 ring of evasion {unknown}
Wands
 h - a wand of polymorph (32)
 i - a wand of enslavement (7)
 E - a wand of digging (15)
 I - a wand of iceblast (12)
Scrolls
 j - 2 scrolls of noise
 k - 3 scrolls of remove curse
 m - 5 scrolls of teleportation
 n - 2 scrolls of enchant armour
 o - 4 scrolls of enchant weapon
 z - 5 scrolls of amnesia
 D - a scroll of blinking
 K - a scroll of summoning {unknown}
 O - a scroll of identify
Potions
 b - 2 potions of invisibility
 d - a potion of might
 e - 2 potions of flight
 g - 9 potions of heal wounds {unknown}
 l - a potion of cancellation {unknown}
 q - 3 potions of brilliance {unknown}
 r - a potion of berserk rage
 t - 5 potions of haste {unknown}
 u - 4 potions of agility {unknown}
 x - a potion of mutation {unknown}
 A - 4 potions of degeneration {unknown}
 C - a potion of lignification {unknown}
 F - a potion of experience {unknown}
Books
 B - a Fen Folio

   Spells                             Type                      Level
   a - Corpse Rot                     Necromancy                   2
   b - Stone Arrow                    Conjuration/Earth            3
   c - Leda's Liquefaction            Hexes/Earth                  4
   d - Summon Forest                  Summoning/Translocation      5
   e - Hydra Form                     Transmutation                6
   f - Summon Hydra                   Summoning                    7
Comestibles
 f - 24 rations
 H - 4 chunks of flesh


   Skills:
 + Level 9.7(5.8) Fighting
 * Level 13.7(9.4) Axes
 + Level 8.9(5.0) Armour
 + Level 6.1(2.5) Dodging
 - Level 3.2(0.0) Shields
 + Level 9.3(5.4) Invocations


You had 10 spell levels left.
You didn't know any spells.

Dungeon Overview and Level Annotations

Branches:
Dungeon (11/15)            Temple (0/1) D:4             Orc (0/2) D:11
   Lair: D:8-11

Altars:
Makhleb
Okawaru
Sif Muna
Trog
Uskayaw
Vehumet
Zin

Shops:
D:6 *

Annotations:
D:11 Fannar, Nergalle


Message History

The spectral orc warrior hits you but does no damage.
Nergalle hits you but does no damage.
The spectral orc warrior hits you but does no damage. x3
Your ynoxinul gestures.
Your shield and orange crystal plate armour prevent you from hitting Nergalle.
Nergalle is severely wounded.
You hit the spectral orc warrior.
You hit the spectral orc warrior but do no damage. x2
You block the spectral orc warrior's attack.
The spectral orc warrior hits you but does no damage.
You block Nergalle's attack.
You block the spectral orc warrior's attack.
Something closely misses your ufetubus.
The spectral orc warrior hits you but does no damage.
Your ufetubus closely misses Nergalle. x2
The spectral orc warrior hits you but does no damage. x2
Your ynoxinul hits Nergalle.
Your ynoxinul barely misses Nergalle.
Nergalle points at you and mumbles some strange words.
The bolt of negative energy hits you!
You feel drained.
You die...

# ....# # ....### #
>)..... # ....... #
5...... # 53..... ####
########o3.(... ##.#.
#....ZZ@Z######### #....
#.....)Z†#.......###....
.'....ZZ.)#.......##.....
.#........##'#######+....
#....##'###....###..#...
#....#.(.'.......'..#...
#.....#...#.......#..##'#
#.....#...#########..##..
... ##### #### ..


You could see Nergalle, 6 spectral orc warriors, 2 friendly ynoxinuls and 2
friendly ufetubi.

Vanquished Creatures
  2 two-headed ogres
  The ghost of kae the Cleaver, a novice HOFi (D:6)
  An ugly thing (D:9)
  2 trolls
  4 hornets (D:9)
  A hippogriff (D:11)
  A steam dragon (D:10)
  A water moccasin (D:9)
  4 sky beasts
  6 orc warriors
  An eye of draining (D:6)
  2 ice beasts
  A black bear (D:7)
  2 phantoms
  7 ogres
  7 centaurs
  2 big kobolds
  6 bullfrogs
  A water moccasin zombie (D:7)
  2 scorpions
  9 killer bees
  2 wights (D:9)
  2 howler monkeys
  7 crimson imps
  A bullfrog zombie (D:8)
  4 hounds
  12 orc wizards
  11 orc priests
  2 centaur skeletons
  An iguana (D:9)
  3 bullfrog skeletons
  11 worker ants
  A worker ant zombie (D:8)
  8 river rats
  15 adders
  13 gnolls
  3 shadow imps
  2 oozes
  An adder zombie (D:7)
  6 worms
  5 dart slugs
  6 leopard geckos
  55 orcs
  8 ball pythons
  5 giant cockroaches
  5 goblins
  8 hobgoblins
  8 jackals
  3 quokkas
  A bat (D:1)
  5 frilled lizards
  25 kobolds
  A leopard gecko skeleton (D:4)
  26 rats
329 creatures vanquished.

Vanquished Creatures (collateral kills)
  An unseen horror (D:11)
  The ghost of cjay27 the Thaumaturge, a novice DEWz of Makhleb (D:9)
  Psyche (D:10)
  A troll (D:10)
  A hippogriff (D:9)
  An ogre (D:11)
  A killer bee (D:9)
  2 wights (D:9)
  4 worker ants
  2 shadow imps
  9 orcs (D:11)
  A quokka (D:9)
25 creatures vanquished.

Vanquished Creatures (others)
  An orc wizard (D:7)
  An adder (D:10)
2 creatures vanquished.

Grand Total: 356 creatures vanquished

Notes
Turn   | Place    | Note
-------+----------+-------------------------------------------
     0 | D:1      | kae the Hill Orc Fighter began the quest for the Orb.
     0 | D:1      | Reached XP level 1. HP: 19/19 MP: 1/1
    61 | D:1      | Reached skill level 3 in Axes
    61 | D:1      | Reached XP level 2. HP: 25/27 MP: 2/2
   447 | D:1      | Reached XP level 3. HP: 33/33 MP: 3/3
   879 | D:2      | Reached skill level 4 in Axes
   879 | D:2      | Reached skill level 1 in Dodging
   924 | D:2      | Reached XP level 4. HP: 34/40 MP: 4/4
  1133 | D:2      | Reached XP level 5. HP: 33/47 MP: 5/5
  1167 | D:2      | Found a burning altar of Makhleb.
  1343 | D:2      | Became a worshipper of Makhleb the Destroyer
  1507 | D:3      | Reached skill level 5 in Axes
  1536 | D:3      | Reached skill level 1 in Invocations
  1652 | D:3      | Found a glowing drain.
  1656 | Sewer    | Entered a sewer
  1672 | Sewer    | Reached XP level 6. HP: 28/53 MP: 6/6
  1673 | Sewer    | Reached * piety under Makhleb
  1943 | Sewer    | Found the +8 orange crystal plate armour {Archmagi, Int+3 Clar}
  2063 | Sewer    | Reached skill level 5 in Fighting
  2063 | Sewer    | Reached skill level 6 in Axes
  2116 | Sewer    | Reached ** piety under Makhleb
  2737 | D:3      | Reached XP level 7. HP: 61/61 MP: 8/8
  2804 | D:3      | Noticed a moth of wrath
  2807 | D:3      | Found a bloodstained altar of Trog.
  3211 | D:4      | Found a staircase to the Ecumenical Temple.
  3473 | D:4      | Reached skill level 7 in Axes
  3473 | D:4      | Reached skill level 5 in Armour
  3866 | D:4      | Reached XP level 8. HP: 66/69 MP: 10/10
  3906 | D:5      | Entered Level 5 of the Dungeon
  4098 | D:5      | Reached skill level 8 in Axes
  4415 | D:5      | Reached *** piety under Makhleb
  4706 | D:6      | Noticed kae's ghost (novice HOFi)
  4725 | D:6      | Killed kae's ghost
  4725 | D:6      | Reached skill level 9 in Axes
  4725 | D:6      | Reached skill level 5 in Invocations
  4725 | D:6      | Reached XP level 9. HP: 78/78 MP: 11/13
  4977 | D:6      | Reached skill level 10 in Axes
  5268 | D:6      | Found Cewophor's Elemental Accessories.
  5792 | D:7      | Reached XP level 10. HP: 49/88 MP: 6/14
  5923 | D:7      | Reached **** piety under Makhleb
  5998 | D:7      | Found a hide-covered altar of Uskayaw.
  5999 | D:7      | Found an iron altar of Okawaru.
  5999 | D:7      | Found a deep blue altar of Sif Muna.
  6000 | D:7      | Found a glowing silver altar of Zin.
  6033 | D:7      | Reached skill level 11 in Axes
  7139 | D:8      | Found a radiant altar of Vehumet.
  7142 | D:8      | Noticed a two-headed ogre
  7143 | D:8      | Found the +10 morningstar "Eos" {elec, Halo rElec}
  7160 | D:8      | Killed a two-headed ogre
  7160 | D:8      | Reached skill level 5 in Dodging
  7386 | D:8      | Reached skill level 12 in Axes
  7660 | D:9      | Paralysed by a hornet for 3 turns
  7675 | D:9      | Paralysed by a hornet for 2 turns
  7684 | D:9      | Paralysed by a hornet for 3 turns
  7842 | D:9      | Reached ***** piety under Makhleb
  7951 | D:9      | Noticed a purple ugly thing
  7975 | D:9      | Killed a purple ugly thing
  7975 | D:9      | Reached XP level 11. HP: 85/97 MP: 13/17
  8189 | D:9      | Noticed cjay27's ghost (novice DEWz)
  8199 | D:9      | Killed cjay27's ghost
  8386 | D:9      | Reached skill level 13 in Axes
  8611 | D:10     | Entered Level 10 of the Dungeon
  8611 | D:10     | Noticed Psyche
  8702 | D:10     | Noticed a two-headed ogre
  8715 | D:10     | Killed a two-headed ogre
  8973 | D:10     | Killed Psyche
  9181 | D:11     | Noticed Fannar
  9185 | D:11     | Noticed a death yak
  9187 | D:11     | Noticed a death yak
  9188 | D:11     | Noticed a death yak
  9194 | D:11     | Noticed a death yak
  9237 | D:11     | Killed an unseen horror
  9388 | D:11     | Found a staircase to the Orcish Mines.
  9449 | D:11     | Noticed Nergalle
  9499 | D:11     | Killed from afar by Nergalle

Skill      XL: |  1  2  3  4  5  6  7  8  9 10 11 |
---------------+----------------------------------+-----
Axes           | 3 4 5 6 7 9 10 12 13 | 13.7
Fighting       | 4 5 6 7 9 |  9.7
Dodging        | 1 2 3 4 5 6 |  6.1
Armour         | 4 5 6 8 |  8.9
Invocations    | 1 2 3 5 6 8 9 |  9.3
Shields        | |  3.2

Action                   |  1- 3 |  4- 6 |  7- 9 | 10-12 || total
-------------------------+-------+-------+-------+-------++-------
Melee: War axe           |   109 |   237 |   463 |   510 ||  1319
Invok: Lesser Servant of |       |       |       |    10 ||    10
  Use: Scroll            |       |     8 |     9 |     3 ||    20
       Potion            |       |       |       |     6 ||     6
 Stab: Distracted        |       |       |       |     3 ||     3
       Sleeping          |       |       |       |     3 ||     3
  Eat: Chunk             |       |     6 |    11 |    13 ||    30
Armor: Scale mail        |    42 |    75 |       |       ||   117
       Crystal plate arm |       |    30 |   348 |   492 ||   870
Dodge: Dodged            |    34 |    57 |    29 |    85 ||   205
Block: Shield            |    52 |   106 |   189 |   277 ||   624
